 Dungeon Crawl Stone Soup version 0.20-a0-1117-g62da73f (webtiles) character file.

5975 FastMan the Cleaver (level 10, -6/98 HPs)
             Began as a Deep Dwarf Fighter on May 9, 2017.
             Mangled by an ogre
             ... wielding a +0 giant club
              (18 damage)
             ... on level 9 of the Dungeon.
             The game lasted 00:07:56 (6943 turns).

FastMan the Cleaver (Deep Dwarf Fighter)            Turns: 6943, Time: 00:07:57

Health: -6/98      AC: 16    Str: 23    XL:     10   Next: 55%
Magic:  0/0        EV:  9    Int:  9    God:
Gold:   357        SH:  9    Dex: 12    Spells: 9/9 levels left

rFire    . . .     SeeInvis .   a - +1 war axe
rCold    . . .     Gourm    .   c - +0 shield
rNeg     . . .     Faith    .   h - +0 plate armour
rPois    +         Spirit   .   y - +0 helmet
rElec    .         Reflect  .   z - +2 cloak {rPois}
rCorr    .         Harm     .   o - +0 pair of gloves
MR       +....                  (no boots)
Stlth    ..........             (no amulet)
Regen    0.0/turn               v - +5 ring of evasion
MPRegen  0.1/turn               (no ring)

@: non-regenerating
A: damage resistance, heal wounds, sense surroundings 2, no regeneration
a: Heal Wounds


You were on level 9 of the Dungeon.
You were not hungry.

You visited 2 branches of the dungeon, and saw 10 of its levels.

You collected 357 gold pieces.

Inventory:

Hand Weapons
 a - a +1 war axe (weapon)
Armour
 c - a +0 shield (worn)
 h - a +0 plate armour (worn)
 m - a scarf of repulsion
 o - a +0 pair of gloves (worn)
 y - a +0 helmet (worn)
 z - a +2 cloak of poison resistance (worn)
Jewellery
 v - a +5 ring of evasion (left hand)
Scrolls
 g - 2 scrolls of identify {@r1}
 k - 5 scrolls of remove curse {@r2}
 q - 3 scrolls of teleportation {@r3}
 t - a scroll of enchant armour {unknown}
 u - a scroll of blinking {@r4}
 x - 2 scrolls of enchant weapon
Potions
 d - 2 potions of might {@q4}
 e - a potion of brilliance {@q6}
 i - 2 potions of haste {@q3}
 j - 4 potions of mutation
 l - a potion of ambrosia
 n - a potion of magic {unknown}
 r - 3 potions of cancellation
 w - a potion of curing {@q1}
 A - a potion of flight {unknown}
 B - 3 potions of agility {unknown}
 D - a potion of degeneration {unknown}
Comestibles
 b - 5 chunks of flesh
 f - 7 bread rations {@e1}
 p - 3 meat rations {@e2}
 s - 2 royal jellies {@e3}


   Skills:
 + Level 8.8 Fighting
 * Level 13.9 Axes
 - Level 3.2 Armour
 - Level 3.2 Shields


You had 9 spell levels left.
You didn't know any spells.

Dungeon Overview and Level Annotations

Branches:
Dungeon (9/15)             Temple (1/1) D:4
   Lair: D:8-11         Orc: D:9-12

Altars:
Ashenzari
Cheibriados
Dithmenos
Elyvilon
Fedhas
Gozag
Hepliaklqana
Kikubaaqudgha
Nemelex Xobeh
Okawaru
Qazlal
Ru
Sif Muna
Trog
Uskayaw
Vehumet
Wu Jian
Xom
Yredelemnul
Zin
The Shining One

Shops:
D:9 [


Innate Abilities, Weirdness & Mutations

You are resistant to damage.
You can heal yourself by infusing magical energy.
You passively map the area around you.
You do not regenerate.


Message History

You block the bullfrog's attack.
You miss the bullfrog.
The bullfrog is almost dead.
You block the bullfrog's attack.
Your shield and plate armour prevent you from hitting the bullfrog.
The bullfrog is almost dead.
The bullfrog closely misses you. You block the bullfrog's attack.
You closely miss the bullfrog.
The bullfrog is almost dead.
The bullfrog barely misses you.
You miss the bullfrog.
The bullfrog is almost dead.
You slash the ogre! You block the bullfrog's attack.
You block the ogre's attack.
You closely miss the bullfrog.
The bullfrog is almost dead.
You hit the ogre.
The bullfrog hits you but does no damage. x2
The ogre hits you with a giant club!!
You die...

#..# #..# * #..# * #..#
###############..#######*
........................,
,,
...........[............
,
##......................
, #.<............@F......
, #...............O......
, ,
#..)................... ,
#...................... ,
,
#.)....................,,
,
#..)........../........,
,
##.............∩........
,,
........................
,, , .............. , ,


You could see an ogre and a bullfrog.

Vanquished Creatures
  3 two-headed ogres (D:8)
  Pikel (D:4)
  Joseph (D:7)
  The ghost of sepiko the Slasher, an amateur DrAK of Lugonu (D:4)
  Grinder (D:6)
  Eustachio (D:4)
  2 orc warriors
  A necrophage (D:8)
  An eye of draining (D:8)
  A centaur (D:6)
  2 ogres
  A crocodile (D:8)
  A big kobold (D:8)
  A gnoll sergeant (D:5)
  4 bullfrogs
  2 scorpions
  A wyvern skeleton (D:6)
  4 howler monkeys (D:8)
  6 crimson imps
  A centaur zombie (D:4)
  A bullfrog zombie (D:5)
  3 hounds
  6 orc wizards
  Crazy Yiuf (D:6)
  6 orc priests
  3 bullfrog skeletons
  An iron imp (D:6)
  Ijyb (D:5)
  An iguana (D:6)
  4 worker ants
  A howler monkey zombie (D:6)
  Robin (D:2)
  7 gnolls
  6 adders
  A shadow imp (D:8)
  An adder zombie (D:5)
  An adder skeleton (D:6)
  6 worms
  2 dart slugs (D:1)
  6 leopard geckos
  33 orcs
  A ball python (D:3)
  6 giant cockroaches
  13 goblins
  12 hobgoblins
  9 jackals
  2 quokkas
  7 bats
  3 frilled lizards
  2 goblin zombies (D:6)
  31 kobolds
  A kobold skeleton (D:6)
  2 kobold zombies (D:6)
  2 orc skeletons (D:6)
  6 rats
  2 plants (D:8)
227 creatures vanquished.

Vanquished Creatures (others)
  A hound (D:4)
  A bullfrog skeleton (D:4)
  An orc (D:4)
3 creatures vanquished.

Grand Total: 230 creatures vanquished

Notes
Turn   | Place    | Note
-------+----------+-------------------------------------------
     0 | D:1      | FastMan the Deep Dwarf Fighter began the quest for the Orb.
     0 | D:1      | Reached XP level 1. HP: 20/20 MP: 1/1
   324 | D:2      | Found a shattered altar of Ashenzari.
   326 | D:2      | Reached XP level 2. HP: 22/27 MP: 2/2
   360 | D:2      | Reached skill level 3 in Axes
   372 | D:2      | Reached XP level 3. HP: 28/34 MP: 3/3
   619 | D:4      | Reached skill level 4 in Axes
   619 | D:4      | Reached XP level 4. HP: 34/42 MP: 4/4
   695 | D:4      | Noticed Pikel
   695 | D:4      | Noticed a slave
   695 | D:4      | Noticed a slave
   695 | D:4      | Noticed a slave
   698 | D:4      | Noticed a slave
   742 | D:4      | Killed Pikel
   742 | D:4      | Reached skill level 6 in Axes
   742 | D:4      | Reached XP level 5. HP: 12/51 MP: 3/3
   742 | D:4      | Reached XP level 6. HP: 14/58 MP: 4/4
   742 | D:4      | Reached XP level 7. HP: 16/66 MP: 5/5
   820 | D:4      | Reached skill level 7 in Axes
   849 | D:4      | Noticed sepiko's ghost (amateur DrAK)
   892 | D:4      | Killed sepiko's ghost
   892 | D:4      | Reached skill level 5 in Fighting
   968 | D:4      | Reached skill level 8 in Axes
  1115 | D:4      | Noticed Eustachio
  1153 | D:4      | Killed Eustachio
  1153 | D:4      | Reached XP level 8. HP: 63/75 MP: 2/2
  1267 | D:4      | Found a staircase to the Ecumenical Temple.
  1493 | Temple   | Entered the Ecumenical Temple
  1689 | D:5      | Entered Level 5 of the Dungeon
  1794 | D:5      | Reached skill level 9 in Axes
  2111 | D:5      | Found a sparkling altar of Nemelex Xobeh.
  2170 | D:5      | Noticed Ijyb
  2187 | D:5      | Killed Ijyb
  2455 | D:6      | Reached skill level 10 in Axes
  2744 | D:6      | Found a glowing golden altar of the Shining One.
  2768 | D:6      | Found an ornate altar of the Wu Jian Council.
  2790 | D:6      | Noticed Grinder
  2799 | D:6      | Paralysed by Grinder for 5 turns
  2818 | D:6      | Paralysed by Grinder for 5 turns
  2825 | D:6      | Paralysed by Grinder for 5 turns
  2831 | D:6      | Paralysed by Grinder for 4 turns
  2838 | D:6      | Killed Grinder
  2838 | D:6      | Gained mutation: You passively map the area around you. [Deep Dwarf growth]
  2838 | D:6      | Reached XP level 9. HP: 53/85 MP: 1/1
  2946 | D:6      | Found a runed door.
  3019 | D:6      | Noticed Crazy Yiuf
  3024 | D:6      | Killed Crazy Yiuf
  3083 | D:7      | Reached skill level 11 in Axes
  3147 | D:7      | Noticed Joseph
  3172 | D:7      | Killed Joseph
  3561 | D:7      | Found a deep blue altar of Sif Muna.
  3765 | D:8      | Noticed a two-headed ogre
  3778 | D:8      | Killed a two-headed ogre
  3778 | D:8      | Reached skill level 12 in Axes
  4043 | D:8      | Noticed a two-headed ogre
  4060 | D:8      | Killed a two-headed ogre
  4060 | D:8      | Reached skill level 13 in Axes
  4060 | D:8      | Reached XP level 10. HP: 7/97 MP: 1/1
  4114 | D:8      | Noticed a two-headed ogre
  4124 | D:8      | Killed a two-headed ogre
  5294 | D:2      | Noticed Robin
  5303 | D:2      | Killed Robin
  6933 | D:9      | Found Kirph's Armour Shop.
  6943 | D:9      | Mangled by an ogre

Vault maps used:
D:1:      dpeg_cavernosity
D:2:      marbit_many_paths, first_bread, uniq_robin
D:4:      minmay_temple_entry_statues_fountains, uniq_eustachio, uniq_pikel
D:5:      nemelex_xobeh_ov_fountains_minmay, grunt_ministairs_7,
          nicolae_underground_beach, uniq_ijyb
D:6:      nicolae_overflow_crystal_walls, portal_sewer_entry_e,
          nicolae_tso_besieged_by_evil, uniq_grinder, uniq_crazy_yiuf_cottage
D:7:      led_sif_pool, uniq_joseph
D:8:      kennysheep_kobold_camp
D:9:      overflow_temple_1_default, serial_shops, shop
Temple:   minmay_crystal_spiral_temple

Skill      XL: |  1  2  3  4  5  6  7  8  9 |
---------------+----------------------------+-----
Fighting       | 3 4 5 6 8 |  8.8
Axes           | 3 4 6 8 10 13 | 13.9
Armour         | |  3.2
Shields        | |  3.2

Action                   |  1- 3 |  4- 6 |  7- 9 | 10-12 || total
-------------------------+-------+-------+-------+-------++-------
Melee: War axe           |    62 |    39 |   472 |   226 ||   799
 Abil: Heal Wounds       |       |     3 |    22 |     1 ||    26
  Use: Scroll            |       |       |    16 |     3 ||    19
       Potion            |       |       |     1 |     3 ||     4
  Eat: Chunk             |       |       |    11 |    10 ||    21
Armor: Scale mail        |    35 |    10 |    57 |       ||   102
       Ring mail         |       |       |    60 |     7 ||    67
       Plate armour      |       |       |       |    54 ||    54
Dodge: Dodged            |    22 |    10 |   141 |    60 ||   233
Block: Shield            |    33 |    21 |   228 |   100 ||   382
